 Dungeon Crawl Stone Soup version 0.21.1-1-g345015f (webtiles) character file.

104024 AdmiralAndromeda the Devastator (level 16, -2/108 HPs)
             Began as a Barachi Conjurer on Apr 28, 2018.
             Was a High Priest of Vehumet.
             Killed by divine providence
             ... invoked by Saint Roka
              (16 damage)
             ... on level 2 of the Orcish Mines on Apr 29, 2018.
             The game lasted 05:19:10 (44572 turns).

AdmiralAndromeda the Devastator (Barachi Conjurer) Turns: 44572, Time: 05:19:11

Health: -2/108     AC: 17    Str: 11    XL:     16   Next: 37%
Magic:  13/57      EV: 14    Int: 24    God:    Vehumet [*****.]
Gold:   1584       SH:  0    Dex: 14    Spells: 2/42 levels left

rFire    + . .     SeeInvis .   V - staff of power
rCold    + . .     Gourm    .   (no shield)
rNeg     . . .     Faith    .   L - +3 ring mail {rF+}
rPois    .         Spirit   .   E - +0 helmet "Udeog" {Regen+ Int+4 Stlth-}
rElec    .         Reflect  .   K - +0 cloak {MR+}
rCorr    .         Harm     .   r - +0 pair of gloves
MR       ++...                  z - +2 pair of boots {Stlth+}
Stlth    +.........             (no amulet)
HPRegen  0.68/turn              q - ring of magical power
MPRegen  0.35/turn              o - ring of protection from cold

@: no potions, can't hop, slow
A: +LOS, swims, slowness 1, strong legs 2
a: Hop, Renounce Religion


You were on level 2 of the Orcish Mines.
You worshipped Vehumet.
Vehumet was extremely pleased with you.
You were hungry.

You visited 4 branches of the dungeon, and saw 24 of its levels.
You also visited: Sewer and Ice Cave.

You collected 2350 gold pieces.
You spent 766 gold pieces at shops.

Inventory:

Missiles
 X - a throwing net (quivered)
Armour
 r - a +0 pair of gloves (worn)
 z - a +2 pair of boots of stealth (worn)
 E - the +0 helmet "Udeog" (worn) {Regen+ Int+4 Stlth-}
   (You bought it in a shop on level 12 of the Dungeon)

   It affects your intelligence (+4).
   It increases your rate of regeneration.
   It makes you less stealthy.
 K - a +0 cloak of magic resistance (worn)
 L - a +3 ring mail of fire resistance (worn)
Magical Staves
 V - an uncursed staff of power (weapon)
Jewellery
 a - an uncursed ring of protection from magic
 f - an uncursed ring of resist corrosion
 o - a ring of protection from cold (right hand)
 q - a ring of magical power (left hand)
 y - an uncursed ring of fire
 C - an uncursed ring of positive energy
 H - an uncursed ring of poison resistance
Wands
 i - a wand of disintegration (6)
 x - a wand of flame (11)
 G - a wand of iceblast (10)
 I - a wand of paralysis (30)
 O - a wand of enslavement (7)
 S - a wand of scattershot (5)
 Y - a wand of digging (10)
Scrolls
 e - 2 scrolls of teleportation
 l - 6 scrolls of identify
 F - 2 scrolls of magic mapping
 J - 12 scrolls of remove curse
 M - 2 scrolls of amnesia
 T - 2 scrolls of fear
Potions
 b - a potion of flight {unknown}
 j - 7 potions of curing
 k - 3 potions of agility
 m - 6 potions of haste
 p - 3 potions of resistance
 s - a potion of berserk rage {unknown}
 t - 5 potions of might
 u - 5 potions of mutation
 v - 5 potions of lignification
 w - 2 potions of invisibility
 B - 3 potions of heal wounds
 P - 2 potions of cancellation
 R - 4 potions of brilliance
 W - 2 potions of ambrosia
 Z - a potion of degeneration {unknown}
Books
 A - a book of Fire

   Spells                             Type                      Level
   a - Ignite Poison                  Fire/Transmutation/Poison    3
   b - Fireball                       Conjuration/Fire             5
   c - Bolt of Fire                   Conjuration/Fire             6
   d - Ring of Flames                 Charms/Fire                  7
   e - Ignition                       Fire                         8
Miscellaneous
 h - a crystal ball of energy
Comestibles
 c - 29 rations


   Skills:
 * Level 4.6 Fighting
 * Level 8.6 Armour
 * Level 6.7 Dodging
 - Level 2.0 Stealth
 + Level 13.8 Spellcasting
 + Level 16.5 Conjurations
 - Level 4.3 Translocations
 + Level 10.4 Fire Magic
 + Level 10.6 Ice Magic
 + Level 10.0 Air Magic
 - Level 8.0 Evocations


You had 2 spell levels left.
You knew the following spells:

 Your Spells              Type           Power        Failure   Level  Hunger
a - Magic Dart            Conj           ####         0%          1    None
b - Blink                 Tloc           N/A          1%          2    None
c - Freezing Cloud        Conj/Ice/Air   ######....   1%          6    #####..
d - Ozocubu's Refrigerat  Ice            ######....   4%          6    #####..
e - Iskenderun's Mystic   Conj           #######.     1%          4    None
f - Throw Frost           Conj/Ice       ######       1%          2    None
g - Bolt of Fire          Conj/Fire      ######....   1%          6    #####..
h - Freeze                Ice            ####         1%          1    None
p - Apportation           Tloc           #####.       1%          1    None
r - Static Discharge      Conj/Air       ######..     1%          3    None
t - Airstrike             Air            ######....   1%          4    None
z - Force Lance           Conj/Tloc      ######..     1%          4    None


Dungeon Overview and Level Annotations

Branches:
Dungeon (15/15)            Temple (1/1) D:5            Lair (6/6) D:9
 Shoals (0/4) Lair:4        Snake (0/4) Lair:4        Slime (0/5) Lair:6
    Orc (2/2) D:11         Vaults (0/5) D:14         Depths (0/5) D:15
    Elf: Orc:2

Altars:
Ashenzari
Cheibriados
Dithmenos
Fedhas
Hepliaklqana
Kikubaaqudgha
Makhleb
Nemelex Xobeh
Okawaru
Ru
Sif Muna
Trog
Vehumet
Yredelemnul
Zin
The Shining One
Beogh
Jiyva

Shops:
D:5 [   D:7 !   D:12 ?*[[:   D:14 (=[[[

Annotations:
Lair:6 Verendum's ghost, journeyman MiMo
Orc:1 Fannar; shugdite's ghost, journeyman MiFi
Orc:2 Saint Roka


Innate Abilities, Weirdness & Mutations

Shadows flee at your approach. (+LOS)
You can swim through water.
You cover ground slowly.
You can hop long distances.


Message History

The troll is moderately wounded.
You are feeling hungry.
An ogre comes into view. It is wielding a giant club.
The orc wizard casts a spell at you. The puff of flame misses you.
The orc warrior hits you but does no damage.
You climb downwards.
Level annotation: Saint Roka Saint Roka invokes the aid of Beogh against you.
Beogh smites you!
There is a stone staircase leading up here.
The orc warrior hits you with a war axe!
* * * LOW HITPOINT WARNING * * *
Saint Roka mumbles some strange prayers to Beogh against you.
Beogh smites you!
* * * LOW HITPOINT WARNING * * *
You cannot drink potions in your current state!
Saint Roka mumbles some strange prayers to Beogh against you.
Beogh smites you!
You die...

. #...... ##. .$...... .
##.###......$.
..#+###..##........ .##
..........#....... ...##
................# #.....
...#..#.)......####......
#....)........#........
#....<[@..............
#....#...#............
#....#.[.o<...........
##..................#
#......o.[.........+
#........o.<..##...#
##.#...............#
##..#...............##
#.....................


You could see Saint Roka, an orc warrior and an orc.

Vanquished Creatures
  Rupert (D:15)
  A sphinx (D:15)
  Frances (D:12)
  Kirke (D:12)
  A reaper (IceCv)
  A vampire knight (D:15)
  Nessos (D:13)
  Azrael (D:13)
  Josephine (D:11)
  A fire dragon (Lair:6)
  A yaktaur captain (D:15)
  5 hydras
  Erolcha (D:11)
  Harold (D:12)
  4 centaur warriors
  14 two-headed ogres
  2 dancing weapons (D:14)
  2 tengu warriors
  2 ogre magi (D:15)
  3 death yaks (Lair:6)
  Urug (Lair:2)
  Sonja (D:12)
  A flayed ghost (D:15)
  2 unseen horrors
  The ghost of Gandalfino the Cleaver, a novice GrFi of Okawaru (D:6)
  A lindwurm (Lair:6)
  Pikel (D:6)
  3 orc knights
  3 orc sorcerers
  4 oklob plants
  2 deep elf magi
  8 ugly things
  8 elephants
  3 cyclopes
  5 black mambas
  Psyche (D:8)
  3 molten gargoyles (Lair:6)
  Maurice (D:13)
  11 spiny frogs
  2 ice statues (IceCv)
  A gargoyle (D:11)
  7 komodo dragons
  4 rime drakes
  2 yaktaurs (D:15)
  2 efreet
  A kobold demonologist (D:12)
  9 ice devils (IceCv)
  A tengu conjurer (D:14)
  3 meliai (Lair:5)
  A queen bee (Lair:5)
  4 trolls
  2 merfolk (Lair:4)
  A hornet (D:10)
  11 blink frogs
  A polar bear (Lair:4)
  12 hippogriffs
  A vampire (D:15)
  Sigmund (D:4)
  58 yaks
  A spriggan (D:8)
  Grum (D:11)
  3 wyverns
  6 hogs (D:12)
  7 wraiths
  5 fire elementals
  5 basilisks
  2 steam dragons (Lair:6)
  A hungry ghost (D:15)
  3 vampire mosquitoes (D:13)
  4 wargs
  A naga (Lair:4)
  An acid dragon (D:15)
  7 hell hounds
  15 water moccasins
  27 orc warriors
  15 porcupines
  An eye of draining (D:12)
  4 necrophages
  A slave (D:6)
  4 ice beasts
  2 black bears
  A hornet zombie (D:15)
  3 phantoms
  A sky beast (D:13)
  6 wolves
  11 centaurs
  14 ogres
  11 crocodiles
  Blork the orc (D:6)
  15 bullfrogs
  A gnoll sergeant (D:10)
  4 earth elementals
  A wyvern zombie (D:13)
  7 scorpions
  24 killer bees
  6 howler monkeys
  8 wights
  5 lava snakes (Lair:6)
  8 crimson imps
  A bullfrog zombie (D:6)
  6 centaur zombies
  2 quasits (D:9)
  21 orc priests
  3 jellies
  7 centaur skeletons
  10 hounds
  A bullfrog skeleton (D:12)
  15 orc wizards
  9 worker ants
  3 iguanas
  Natasha (thrice) (D:2)
  A mummy (D:8)
  A hound skeleton (D:10)
  2 worker ant zombies
  10 adders
  9 gnolls
  4 shadow imps
  8 white imps (IceCv)
  7 ufetubi (IceCv)
  2 oozes
  An adder zombie (D:6)
  An adder skeleton (D:5)
  A worm (D:2)
  A dart slug (D:1)
  5 leopard geckos
  92 orcs
  A ball python (D:2)
  5 giant cockroaches
  7 hobgoblins
  15 jackals
  11 kobolds
  A quokka (D:9)
  9 bats
  4 frilled lizards
  3 goblins
  A goblin zombie (D:5)
  A jackal zombie (D:9)
  A leopard gecko skeleton (D:5)
  2 leopard gecko zombies (D:8)
  4 rats
  A rat zombie (D:5)
  2 plants
766 creatures vanquished.

Vanquished Creatures (others)
  A centaur skeleton (D:13)
  3 slaves (D:6)
  A bullfrog skeleton (D:13)
  3 white imps (IceCv)
  2 ufetubi (IceCv)
  A bush (Lair:4)
  15 fungi
  21 plants
47 creatures vanquished.

Grand Total: 813 creatures vanquished

Notes
Turn   | Place    | Note
-------+----------+-------------------------------------------
     0 | D:1      | AdmiralAndromeda the Barachi Conjurer began the quest for the Orb.
     0 | D:1      | Reached XP level 1. HP: 13/13 MP: 3/3
   459 | D:1      | Reached XP level 2. HP: 19/19 MP: 3/5
   513 | D:1      | Reached skill level 5 in Conjurations
  1078 | D:2      | Reached XP level 3. HP: 24/24 MP: 4/6
  1307 | D:2      | Noticed Natasha
  1312 | D:2      | Killed Natasha
  1312 | D:2      | Reached skill level 6 in Conjurations
  1312 | D:2      | Reached XP level 4. HP: 30/30 MP: 1/7
  1318 | D:2      | Learned a level 4 spell: Force Lance
  1886 | D:2      | Noticed Natasha
  1894 | D:2      | Killed Natasha
  2169 | D:2      | Reached XP level 5. HP: 35/35 MP: 4/9
  2175 | D:2      | Learned a level 4 spell: Iskenderun's Mystic Blast
  2299 | D:2      | Noticed Natasha
  2311 | D:2      | Killed Natasha
  2617 | D:3      | Found a deep blue altar of Sif Muna.
  2642 | D:3      | Reached skill level 1 in Translocations
  3661 | D:4      | Reached skill level 7 in Conjurations
  3661 | D:4      | Reached XP level 6. HP: 32/41 MP: 4/10
  4073 | D:4      | Found an iron altar of Okawaru.
  4491 | D:4      | Noticed Sigmund
  4604 | D:4      | Found a sparkling altar of Nemelex Xobeh.
  4695 | D:4      | Found a burning altar of Makhleb.
  4838 | D:5      | Entered Level 5 of the Dungeon
  4842 | D:5      | Found a staircase to the Ecumenical Temple.
  4852 | Temple   | Entered the Ecumenical Temple
  4896 | Temple   | Became a worshipper of Vehumet
  4958 | D:5      | Found a blossoming altar of Fedhas.
  4995 | D:5      | Found a glowing drain.
  5007 | D:5      | Found a sand-covered staircase.
  5065 | Sewer    | Entered a sewer
  5192 | Sewer    | Reached XP level 7. HP: 46/46 MP: 1/12
  5424 | D:5      | Reached skill level 8 in Conjurations
  6135 | D:5      | Found Gippeul's Antique Armour Shop.
  6438 | D:6      | Noticed Gandalfino's ghost (novice GrFi)
  6536 | D:6      | Reached XP level 8. HP: 52/52 MP: 10/15
  6730 | D:6      | Reached skill level 9 in Conjurations
  6734 | D:6      | Noticed Blork the orc
  7021 | D:6      | Reached skill level 5 in Spellcasting
  7082 | D:6      | Reached * piety under Vehumet
  7082 | D:6      | Offered knowledge of Freeze by Vehumet.
  7155 | D:5      | Learned a level 1 spell: Freeze
  7448 | D:6      | Killed Blork the orc
  7448 | D:6      | Reached skill level 1 in Ice Magic
  7633 | D:6      | Noticed Pikel
  8529 | D:6      | Reached skill level 10 in Conjurations
  8750 | D:6      | Killed Pikel
  8750 | D:6      | Reached XP level 9. HP: 15/57 MP: 2/18
 10326 | D:7      | Reached skill level 11 in Conjurations
 10505 | D:7      | Reached skill level 1 in Evocations
 10652 | D:7      | Reached XP level 10. HP: 44/63 MP: 16/21
 10759 | D:7      | Found Ilalleez's Distillery.
 10794 | D:7      | Bought a potion of heal wounds for 75 gold pieces
 10794 | D:7      | Bought a potion of heal wounds for 75 gold pieces
 10794 | D:7      | Bought a potion of might for 60 gold pieces
 10794 | D:7      | Bought a potion of heal wounds for 75 gold pieces
 10923 | D:7      | Reached skill level 5 in Ice Magic
 10990 | D:7      | Found a snail-covered altar of Cheibriados.
 11205 | D:7      | Identified a scroll of acquirement
 12215 | D:8      | Noticed Psyche
 12238 | D:8      | Killed Psyche
 12421 | D:8      | Found a sacrificial altar of Ru.
 12421 | D:8      | Noticed a two-headed ogre
 12431 | D:8      | Killed a two-headed ogre
 12431 | D:8      | Reached skill level 12 in Conjurations
 12444 | D:8      | Learned a level 2 spell: Blink
 13016 | D:9      | Reached ** piety under Vehumet
 13016 | D:9      | Offered knowledge of Throw Frost by Vehumet.
 13102 | D:9      | Learned a level 2 spell: Throw Frost
 13574 | D:9      | Reached skill level 1 in Armour
 13899 | D:9      | Noticed Grum
 14360 | D:9      | Found a staircase to the Lair.
 14386 | D:9      | Found a shattered altar of Ashenzari.
 14386 | D:9      | Found a glowing silver altar of Zin.
 14722 | D:10     | Entered Level 10 of the Dungeon
 14797 | D:10     | Reached XP level 11. HP: 61/67 MP: 2/24
 14979 | D:10     | Offered knowledge of Static Discharge by Vehumet.
 15178 | D:10     | Learned a level 3 spell: Static Discharge
 15573 | D:10     | Noticed a two-headed ogre
 15586 | D:10     | Killed a two-headed ogre
 15591 | D:10     | Reached skill level 1 in Air Magic
 15709 | D:10     | Reached *** piety under Vehumet
 15716 | D:10     | Reached skill level 13 in Conjurations
 16006 | Lair:1   | Entered Level 1 of the Lair of Beasts
 17409 | D:11     | Offered knowledge of Airstrike by Vehumet.
 17415 | D:11     | Learned a level 4 spell: Airstrike
 17495 | D:11     | Noticed Erolcha
 17501 | D:11     | Killed Erolcha
 17598 | D:11     | Reached skill level 10 in Spellcasting
 17828 | D:11     | Noticed a two-headed ogre
 17834 | D:11     | Killed a two-headed ogre
 17881 | D:11     | Killed Grum
 17881 | D:11     | Reached XP level 12. HP: 73/73 MP: 17/26
 18132 | D:12     | Found Xaroppu's Magic Scroll Emporium.
 18368 | D:11     | Reached skill level 14 in Conjurations
 18642 | D:11     | Reached **** piety under Vehumet
 18663 | D:11     | Found a roughly hewn altar of Beogh.
 18779 | D:11     | Noticed Josephine
 18784 | D:10     | Offered knowledge of Lee's Rapid Deconstruction by Vehumet.
 18793 | D:10     | Learned a level 5 spell: Lee's Rapid Deconstruction
 19053 | D:11     | Found a staircase to the Orcish Mines.
 19263 | D:11     | Reached skill level 5 in Evocations
 19436 | D:11     | Killed Josephine
 20141 | D:12     | Noticed Sonja
 20145 | D:12     | Killed Sonja
 20253 | D:12     | Found Luleagab's Book Shop.
 20259 | D:12     | Noticed Harold
 20270 | D:12     | Killed Harold
 20282 | D:12     | Found Tafeacon's Antique Armour Emporium.
 20500 | D:12     | Noticed a two-headed ogre
 20510 | D:12     | Killed a two-headed ogre
 20820 | D:12     | Found Icyopp's Assorted Antiques.
 20863 | D:12     | Found Ipnus's Antique Armour Boutique.
 21007 | D:12     | Gained mutation: You can hop long distances. [Barachi growth]
 21007 | D:12     | Reached XP level 13. HP: 68/79 MP: 15/28
 21189 | D:12     | Noticed Frances
 21539 | D:12     | Noticed Kirke
 21544 | D:12     | Reached skill level 15 in Conjurations
 21752 | D:13     | Noticed Maurice
 21775 | D:13     | Reached skill level 5 in Air Magic
 21787 | D:13     | Killed Maurice
 21787 | D:13     | Reached skill level 5 in Armour
 22086 | D:13     | Noticed Nessos
 23327 | Lair:2   | Reached ***** piety under Vehumet
 23344 | Lair:2   | Noticed Urug
 23358 | Lair:1   | Offered knowledge of Bolt of Fire by Vehumet.
 23366 | Lair:1   | Learned a level 6 spell: Bolt of Fire
 23493 | Lair:2   | Killed Urug
 24783 | Lair:2   | Reached skill level 1 in Fire Magic
 26076 | Lair:4   | Got a shimmering arbalest
 26192 | Lair:4   | Reached skill level 10 in Ice Magic
 26825 | Lair:4   | Found a staircase to the Shoals.
 27086 | Lair:4   | Reached skill level 5 in Dodging
 27343 | Lair:4   | Learned a level 1 spell: Apportation
 27381 | Lair:4   | Reached XP level 14. HP: 41/85 MP: 3/29
 27583 | Lair:4   | Found a staircase to the Snake Pit.
 28753 | Lair:5   | Reached skill level 16 in Conjurations
 29562 | Lair:6   | Entered Level 6 of the Lair of Beasts
 29886 | Lair:6   | Found a frozen archway.
 29896 | IceCv    | Entered an ice cave
 30841 | IceCv    | Reached skill level 5 in Fire Magic
 30843 | IceCv    | Offered knowledge of Ozocubu's Refrigeration by Vehumet.
 30852 | IceCv    | Learned a level 6 spell: Ozocubu's Refrigeration
 30956 | IceCv    | Noticed a reaper
 30964 | IceCv    | Killed a reaper
 32982 | Lair:6   | Found a large runed door.
 32982 | Lair:6   | Found a large runed door.
 33345 | Lair:6   | Noticed Verendum's ghost (journeyman MiMo)
 34156 | Lair:6   | Found a staircase to the Slime Pits.
 34156 | Lair:6   | Found a viscous altar of Jiyva.
 35576 | D:6      | Killed Gandalfino's ghost
 35709 | D:5      | Found a blossoming altar of Fedhas.
 35729 | D:5      | Found a staircase to the Ecumenical Temple.
 36053 | D:4      | Killed Sigmund
 36283 | D:12     | Bought a scroll of identify for 30 gold pieces
 36283 | D:12     | Bought a scroll of identify for 30 gold pieces
 36415 | D:12     | Killed Frances
 36415 | D:12     | Reached XP level 15. HP: 90/90 MP: 16/32
 36616 | D:12     | Killed Kirke
 36899 | D:12     | Found a roughly hewn altar of Beogh.
 36903 | D:12     | Offered knowledge of Iskenderun's Battlesphere by Vehumet.
 37084 | D:12     | Bought a distressingly furry helmet for 256 gold pieces
 37098 | D:12     | Identified the +0 helmet "Udeog" {Regen+ Int+4 Stlth-} (You bought it in a shop on level 12 of the Dungeon)
 37200 | D:13     | Noticed Azrael
 37211 | D:13     | Killed Azrael
 37367 | D:13     | Killed Nessos
 37748 | D:14     | Found a gate to the Vaults.
 37815 | D:14     | Found Dyshritz's Antique Weapon Boutique.
 37827 | D:14     | Found Joyr Tetz's Antique Armour Boutique.
 37847 | D:14     | Found Wecserch's Jewellery Emporium.
 37975 | D:14     | Reached skill level 10 in Air Magic
 38782 | D:13     | Reached skill level 10 in Fire Magic
 39197 | D:14     | Found Arewn's Armour Boutique.
 39257 | D:14     | Found Ticwiz's Antique Armour Shoppe.
 39292 | D:14     | Got an ancient leather armour
 39293 | D:14     | Identified the +2 leather armour of the Valley {MR- Str+4 Dex+4} (You found it on level 14 of the Dungeon)
 39388 | D:14     | Offered knowledge of Freezing Cloud by Vehumet.
 39396 | D:14     | Learned a level 6 spell: Freezing Cloud
 40026 | Lair:6   | Reached skill level 1 in Fighting
 40485 | D:14     | Bought a smoking robe for 165 gold pieces
 40485 | D:14     | Identified the cursed +1 robe "Pooveme" {Str+2} (You bought it in a shop on level 14 of the Dungeon)
 40523 | D:15     | Entered Level 15 of the Dungeon
 41078 | D:15     | Found a staircase to the Depths.
 41307 | D:15     | Got an uncursed warped scimitar {vamp}
 41308 | D:15     | Identified the +5 scimitar "Diluje Qoank" {vamp, rF- MP+9 Dex+5} (You took it off a centaur on level 15 of the Dungeon)
 41495 | D:15     | Noticed Rupert
 41508 | D:15     | Killed Rupert
 41886 | D:15     | Reached XP level 16. HP: 80/104 MP: 33/33
 42112 | D:15     | Noticed a sphinx
 42136 | D:15     | Killed a sphinx
 42835 | Orc:1    | Entered Level 1 of the Orcish Mines
 42838 | Orc:1    | Noticed shugdite's ghost (journeyman MiFi)
 43813 | Orc:2    | Entered Level 2 of the Orcish Mines
 43826 | Orc:1    | Noticed Fannar
 44540 | Orc:2    | Noticed Saint Roka
 44572 | Orc:2    | Killed from afar by Saint Roka

Skill      XL: |  1  2  3  4  5  6  7  8  9 10 11 12 13 14 15 16 |
---------------+-------------------------------------------------+-----
Conjurations   | 5 6 7 8 10 11 12 13 14 15 16 | 16.5
Stealth        | 2 |  2.0
Translocations | 1 2 4 |  4.3
Spellcasting   | 3 4 6 7 9 10 11 13 | 13.8
Ice Magic      | 3 4 6 8 9 10 | 10.6
Evocations     | 1 3 4 5 7 8 |  8.0
Armour         | 2 3 4 6 7 8 |  8.6
Air Magic      | 2 4 6 8 10 | 10.0
Dodging        | 3 5 6 |  6.7
Fire Magic     | 2 7 10 | 10.4
Fighting       | 3 4 |  4.6

Action                   |  1- 3 |  4- 6 |  7- 9 | 10-12 | 13-15 | 16-18 || total
-------------------------+-------+-------+-------+-------+-------+-------++-------
Melee: Unarmed           |     5 |       |       |       |       |       ||     5
       Short sword       |    14 |     1 |       |       |       |       ||    15
       Dagger            |       |     5 |       |       |       |       ||     5
       Spear             |       |    11 |    49 |   101 |       |       ||   161
       Trident           |       |     8 |       |       |       |       ||     8
       Scimitar          |       |       |       |     1 |       |       ||     1
       Staff             |       |       |       |     8 |    25 |     1 ||    34
Throw: Javelin           |       |       |     4 |     6 |    10 |       ||    20
       Throwing net      |       |       |       |       |     2 |     1 ||     3
 Cast: Magic Dart        |    57 |   163 |   297 |   262 |   112 |     3 ||   894
       Force Lance       |       |     1 |    24 |   151 |   283 |    59 ||   518
       Freeze            |       |       |    23 |    59 |     1 |       ||    83
       Throw Frost       |       |       |       |   113 |   449 |    48 ||   610
       Iskenderun's Myst |       |       |       |    69 |    79 |       ||   148
       Static Discharge  |       |       |       |    13 |    49 |       ||    62
       Airstrike         |       |       |       |       |    10 |     4 ||    14
       Bolt of Fire      |       |       |       |       |   145 |    29 ||   174
       Ozocubu's Refrige |       |       |       |       |    22 |     8 ||    30
       Freezing Cloud    |       |       |       |       |     9 |     3 ||    12
 Abil: Hop               |       |     1 |     7 |     2 |     8 |     4 ||    22
Evoke: Wand              |       |       |     3 |     2 |    43 |     6 ||    54
       Crystal ball of e |       |       |       |       |       |     4 ||     4
  Use: Potion            |     1 |       |     4 |     1 |     5 |     2 ||    13
       Scroll            |       |     6 |     3 |    10 |    21 |     3 ||    43
 Stab: Sleeping          |       |       |       |     1 |       |       ||     1
       Paralysed         |       |       |       |       |     4 |       ||     4
  Eat: Chunk             |     2 |    14 |    15 |    41 |    50 |    11 ||   133
       Ration            |       |       |     2 |     2 |    22 |     2 ||    28
Armor: Robe              |    10 |    16 |    39 |     2 |       |       ||    67
       Leather armour    |       |       |       |    57 |       |       ||    57
       Ring mail         |       |       |       |    34 |   178 |    14 ||   226
       Ice dragon scales |       |       |       |       |     1 |       ||     1
Dodge: Dodged            |    24 |    46 |    92 |   184 |   263 |    20 ||   629
       Rpst.: Scimitar   |       |       |       |     1 |       |       ||     1
